 Dungeon Crawl Stone Soup version 0.20.0-8-g6b59dc7 (webtiles) character file.

125517 asdasd2 the Executioner (level 16, -4/149 HPs)
             Began as a Minotaur Fighter on May 31, 2017.
             Was the Champion of Okawaru.
             Slain by Mara (illusionary)
             ... wielding a +5 demon whip of freezing
              (6 damage)
             ... on level 3 of the Spider Nest.
             The game lasted 00:52:55 (26152 turns).

asdasd2 the Executioner (Minotaur Fighter)         Turns: 26152, Time: 00:52:56

Health: -4/149     AC: 36    Str: 30    XL:     16   Next: 41%
Magic:  0/16       EV: 18    Int:  5    God:    Okawaru [******]
Gold:   2332       SH:  0    Dex: 16    Spells: 15/15 levels left

rFire    . . .     SeeInvis .   U - +4 battleaxe (vamp)
rCold    . . .     Gourm    .   (shield currently unavailable)
rNeg     + . .     Faith    .   K - +10 plate armour "Iduydoq" {rCorr}
rPois    +         Spirit   +   w - +2 hat {MR+}
rElec    .         Reflect  .   H - scarf {Spirit}
rCorr    +         Harm     .   L - +2 pair of gloves {Str+3}
MR       ++...                  (no boots)
Stlth    ..........             d - amulet of regeneration
Regen    0.8/turn               P - +2 ring of protection
MPRegen  0.2/turn               o - ring of Ungibb {rPois rN+ Stlth+}

@: agile
A: retaliatory headbutt, horns 2
a: Heroism, Finesse, Renounce Religion


You were on level 3 of the Spider Nest.
You worshipped Okawaru.
Okawaru was exalted by your worship.
You were not hungry.

You visited 5 branches of the dungeon, and saw 27 of its levels.
You also visited: Labyrinth and Ossuary.

You collected 2822 gold pieces.
You spent 490 gold pieces at shops.

Inventory:

Hand Weapons
 b - the +1 battleaxe "Zaheit" {freeze, MR+ Int+3}
   (Okawaru gifted it to you on level 3 of the Spider Nest)

   It has been specially enchanted to freeze those struck by it, causing extra
   injury to most foes and up to half again as much damage against particularly
   susceptible opponents.
   It can also slow down cold-blooded creatures.
   It affects your intelligence (+3).
   It affects your resistance to hostile enchantments.
 h - a +2 broad axe of flaming
 I - a +4 battleaxe
 N - a +4 vampiric battleaxe
 Q - a +6 battleaxe of draining
 U - a +4 vampiric battleaxe (weapon)
Armour
 w - a +2 hat of magic resistance (worn)
 H - a scarf of spirit shield (worn)
 K - the +10 plate armour "Iduydoq" (worn) {rCorr}
   (Okawaru gifted it to you on level 6 of the Lair of Beasts)

   It protects you from acid and corrosion.
 L - a +2 pair of gloves of strength (worn)
 V - a +1 hat of see invisible
Jewellery
 d - an amulet of regeneration (around neck)
 o - the ring of Ungibb (right hand) {rPois rN+ Stlth+}
   (You bought it in a shop on level 2 of the Orcish Mines)

   [ring of stealth]

   It protects you from poison.
   It protects you from negative energy.
   It makes you more stealthy.
 q - an uncursed amulet of guardian spirit
 v - an uncursed ring of protection from fire
 E - an uncursed ring of poison resistance
 P - a +2 ring of protection (left hand)
 Z - a cursed ring of loudness {unknown}
Wands
 g - a wand of random effects (33/48)
 l - a wand of flame (30/48)
 u - a wand of lightning (3/15)
 y - a wand of polymorph (14/24)
 R - a wand of polymorph (8/24)
Scrolls
 c - a scroll of identify
 e - 4 scrolls of enchant weapon
 p - 7 scrolls of recharging
 x - 10 scrolls of remove curse
 C - 3 scrolls of fear
 D - 3 scrolls of enchant armour
 G - 2 scrolls of brand weapon
 J - 6 scrolls of fog
Potions
 i - a potion of agility
 m - a potion of magic {unknown}
 n - 4 potions of flight
 r - 5 potions of mutation
 z - 2 potions of cancellation
 A - 5 potions of brilliance
 B - 3 potions of resistance
 O - 2 potions of haste
 T - 2 potions of curing
 W - 3 potions of ambrosia
 Y - a potion of invisibility
Books
 t - a Young Poisoner's Handbook

   Spells                             Type                      Level
   a - Sting                          Conjuration/Poison           1
   b - Poisonous Vapours              Poison/Air                   2
   c - Mephitic Cloud                 Conjuration/Poison/Air       3
   d - Olgreb's Toxic Radiance        Poison                       4
   e - Venom Bolt                     Conjuration/Poison           5
 X - a book of the Warp

   Spells                             Type                      Level
   a - Gell's Gravitas                Translocation                3
   b - Portal Projectile              Hexes/Translocation          3
   c - Force Lance                    Conjuration/Translocation    4
   d - Dispersal                      Translocation                6
   e - Controlled Blink               Translocation                8
   f - Disjunction                    Translocation                8
Comestibles
 f - 8 bread rations
 j - 12 royal jellies
 k - 9 meat rations
 M - 3 fruits


   Skills:
 + Level 15.6 Fighting
 + Level 22.0 Axes
 * Level 18.7 Armour
 + Level 6.8 Dodging
   Level 3.6 Shields
 + Level 1.4 Invocations


You had 15 spell levels left.
You didn't know any spells.

Dungeon Overview and Level Annotations

Branches:
Dungeon (15/15)            Temple (1/1) D:5            Lair (6/6) D:10
 Shoals (0/4) Lair:2       Spider (3/4) Lair:2        Slime (0/5) Lair:5
    Orc (2/2) D:12            Elf (0/3) Orc:2        Vaults (0/5) D:13
 Depths (0/5) D:15

Altars:
Ashenzari
Cheibriados
Dithmenos
Elyvilon
Fedhas
Gozag
Hepliaklqana
Kikubaaqudgha
Makhleb
Nemelex Xobeh
Okawaru
Qazlal
Ru
Sif Muna
Trog
Uskayaw
Vehumet
Xom
Yredelemnul
Zin
The Shining One
Beogh

Shops:
D:12 (   Orc:2 ([*=

Portals:
Trove: D:13 (give 14 scrolls of teleportation)

Annotations:
Lair:1 exclusion: oklob plant
Spider:3 Mara


Innate Abilities, Weirdness & Mutations

You reflexively headbutt those who attack you in melee.
You have a pair of horns on your head.


Message History

Unknown command.
You hit Mara but do no damage. Your headbutt misses Mara.
Mara is almost dead.
You closely miss Mara. x2; Your demonic crawler hits Mara. x2
Your demonic crawler hits Mara but does no damage.
Unknown command.
You slash Mara! Your headbutt misses Mara.
Mara is almost dead.
You miss Mara. You closely miss Mara. You slash asdasd2's illusion!
Your demonic crawler hits Mara!
Your demonic crawler misses Mara.
Your demonic crawler barely misses Mara.
Mara hits you but does no damage. Mara gestures at you.
Pain shoots through your body!
* * * LOW HITPOINT WARNING * * *
Your tarantella bites Mara but does no damage.
Mara hits you with a demon whip of freezing!
* * * LOW HITPOINT WARNING * * *
Mara freezes you.
You die...

#..# #....).....# ##............
...## #..........###..#........#.
...†# #.........#.....###.....###
....###......./###.....###....##.
.....##.......###.....>.#^....###
.....††#......##........^.....###
.....†###..###..^.........#....#.
......###.###.s...........#......
.......#####...R@R........##.....
###....####...swR@........##.....
...#.##..#..#.............##.....
.....###...#.....................
#.........####^..........##..(...
..........^.##..........###......
....####............#######......
†..............#####..####.......
................###......####....


You could see 3 Maras, asdasd2's illusion, a friendly torpor snail, a friendly
demonic crawler and a friendly tarantella.

Vanquished Creatures
  2 ghost moths
  An orc warlord (Orc:2)
  An emperor scorpion (Spider:1)
  An entropy weaver (Spider:3)
  Azrael (Spider:3)
  2 fire dragons
  An ettin (Orc:1)
  Josephine (D:13)
  A minotaur (Lab)
  An ogre mage (D:15)
  A yaktaur captain (D:15)
  Erolcha (D:13)
  A vault guard (D:13)
  6 hydras
  A centaur warrior (D:15)
  9 two-headed ogres
  5 orc high priests
  Nergalle (Lair:1)
  5 skeletal warriors
  An unseen horror (D:10)
  6 orc knights
  2 necromancers (D:13)
  A wolf spider zombie (D:15)
  5 orb spiders
  12 wolf spiders
  9 orc sorcerers
  3 manticores
  An ugly thing (D:13)
  A moth of wrath (Spider:2)
  2 cyclopes
  A black mamba (Lair:5)
  A black mamba (shapeshifter) (D:13)
  5 torpor snails
  Joseph (D:8)
  23 spiny frogs
  2 kobold demonologists (D:15)
  5 gargoyles
  7 komodo dragons
  3 rime drakes
  10 demonic crawlers
  2 yaktaurs
  A merfolk (Lair:2)
  4 red devils (D:13)
  10 trolls
  4 tyrant leeches (Lair:6)
  18 jumping spiders
  A harpy skeleton (D:15)
  4 hornets
  10 hippogriffs
  3 polar bears
  17 blink frogs (Lair:6)
  7 slime creatures
  52 redbacks
  19 tarantellas
  5 wraiths
  4 wyverns
  48 yaks
  A fire bat (shapeshifter) (D:13)
  2 fire elementals (Spider:3)
  21 humans (D:13)
  2 basilisks
  A hungry ghost (D:10)
  9 vampire mosquitoes
  The ghost of cereshysteria the Poker, an amateur DsFi (D:4)
  6 wargs
  2 soldier ants
  An acid dragon (D:14)
  2 hell hounds (Spider:3)
  11 water moccasins
  4 porcupines
  A hornet zombie (D:14)
  45 orc warriors
  4 sky beasts
  A black bear (D:7)
  3 eyes of draining
  7 ice beasts
  A sky beast (shapeshifter) (D:11)
  6 necrophages
  4 centaurs
  16 ogres
  2 phantoms
  9 wolves
  9 crocodiles
  3 big kobolds
  33 bullfrogs
  An elf zombie (Ossuary)
  A wyvern skeleton (D:13)
  6 scorpions
  12 killer bees
  15 wights
  4 electric eels
  2 howler monkeys
  5 crimson imps
  2 bullfrog zombies
  3 quasits
  31 orc priests
  7 centaur zombies
  3 human zombies (Ossuary)
  A jelly (D:10)
  9 hounds
  31 orc wizards
  Ijyb (D:3)
  2 bullfrog skeletons
  6 centaur skeletons
  Natasha (thrice) (D:2)
  4 iguanas
  9 worker ants
  A killer bee zombie (D:7)
  A big kobold zombie (Ossuary)
  4 hound zombies
  2 mummies (Ossuary)
  Robin (D:4)
  A howler monkey skeleton (D:8)
  A worker ant zombie (D:10)
  10 gnolls
  16 adders
  3 shadow imps
  An adder skeleton (D:7)
  2 worms
  2 dart slugs
  6 leopard geckos
  99 orcs
  19 bats
  3 giant cockroaches
  15 goblins
  11 hobgoblins
  6 jackals
  14 kobolds
  2 quokkas
  A ball python (D:1)
  4 frilled lizards
  2 goblin zombies (Ossuary)
  10 hobgoblin zombies (Ossuary)
  2 jackal zombies (Ossuary)
  7 kobold zombies (Ossuary)
  2 leopard gecko zombies
  10 orc zombies (Ossuary)
  A quokka zombie (D:8)
  5 rats
  A rat zombie (Ossuary)
  3 fungi
  2 plants
987 creatures vanquished.

Vanquished Creatures (others)
  An orc priest (Orc:2)
  An orc (Orc:2)
  16 fungi
  23 plants (Lair:6)
41 creatures vanquished.

Grand Total: 1028 creatures vanquished

Notes
Turn   | Place    | Note
-------+----------+-------------------------------------------
     0 | D:1      | asdasd2 the Minotaur Fighter began the quest for the Orb.
     0 | D:1      | Reached XP level 1. HP: 19/19 MP: 0/0
    39 | D:1      | Reached XP level 2. HP: 21/27 MP: 1/1
   382 | D:1      | Reached XP level 3. HP: 33/33 MP: 2/2
   921 | D:2      | Reached skill level 3 in Axes
   948 | D:2      | Noticed Natasha
   956 | D:2      | Killed Natasha
   956 | D:2      | Reached skill level 5 in Armour
   956 | D:2      | Reached XP level 4. HP: 21/40 MP: 3/3
   958 | D:2      | Found a sparkling altar of Nemelex Xobeh.
  1045 | D:2      | Noticed Natasha
  1049 | D:2      | Killed Natasha
  1217 | D:2      | Noticed Natasha
  1228 | D:2      | Killed Natasha
  1228 | D:2      | Reached skill level 4 in Axes
  1423 | D:2      | Found a sparkling altar of Nemelex Xobeh.
  1436 | D:2      | Reached XP level 5. HP: 41/47 MP: 4/4
  1592 | D:3      | Noticed Ijyb
  1656 | D:3      | Killed Ijyb
  2220 | D:4      | You fall through a shaft!
  2220 | D:5      | Entered Level 5 of the Dungeon
  2243 | D:4      | Noticed Robin
  2256 | D:4      | Killed Robin
  2383 | D:4      | Reached skill level 5 in Axes
  2423 | D:4      | Found a white marble altar of Elyvilon.
  2466 | D:4      | Reached XP level 6. HP: 38/53 MP: 5/5
  2560 | D:4      | Reached skill level 6 in Axes
  2865 | D:4      | Noticed cereshysteria's ghost (amateur DsFi)
  2989 | D:5      | Reached skill level 1 in Dodging
  3106 | D:5      | Reached XP level 7. HP: 47/60 MP: 6/6
  3279 | D:5      | Found a glowing silver altar of Zin.
  3329 | D:5      | Found a staircase to the Ecumenical Temple.
  3471 | Temple   | Entered the Ecumenical Temple
  3588 | Temple   | Became a worshipper of Warmaster Okawaru
  3818 | D:4      | Killed cereshysteria's ghost
  3818 | D:4      | Reached skill level 7 in Axes
  4090 | D:6      | Found a sand-covered staircase.
  4099 | Ossuary  | Entered an ossuary
  4202 | Ossuary  | Reached * piety under Okawaru
  4203 | Ossuary  | Reached skill level 8 in Axes
  4203 | Ossuary  | Reached XP level 8. HP: 41/67 MP: 4/7
  4515 | D:6      | Found an ancient bone altar of Kikubaaqudgha.
  4519 | D:6      | Reached skill level 5 in Fighting
  4738 | D:6      | Reached skill level 9 in Axes
  5250 | D:7      | Reached ** piety under Okawaru
  5256 | D:7      | Reached skill level 10 in Axes
  5677 | D:7      | Reached XP level 9. HP: 64/74 MP: 6/8
  5718 | D:7      | Found a transporter.
  5721 | D:7      | Found a shattered altar of Ashenzari.
  5721 | D:7      | Noticed a gargoyle
  5722 | D:7      | Found a shadowy altar of Dithmenos.
  5722 | D:7      | Found a transporter.
  5723 | D:7      | Found a burning altar of Makhleb.
  5770 | D:7      | Killed a gargoyle
  5770 | D:7      | Reached *** piety under Okawaru
  5770 | D:7      | Reached skill level 11 in Axes
  6266 | D:7      | Received a gift from Okawaru
  6344 | D:7      | Reached skill level 12 in Axes
  6654 | D:8      | Noticed Joseph
  6669 | D:8      | Killed Joseph
  6740 | D:8      | Reached **** piety under Okawaru
  6847 | D:8      | Reached XP level 10. HP: 81/84 MP: 9/9
  7277 | D:8      | Found a stormy altar of Qazlal.
  7486 | D:9      | Reached skill level 10 in Armour
  7629 | D:9      | Reached skill level 13 in Axes
  7655 | D:9      | Reached ***** piety under Okawaru
  8054 | D:9      | Noticed a two-headed ogre
  8063 | D:9      | Killed a two-headed ogre
  8063 | D:9      | Reached skill level 14 in Axes
  8176 | D:10     | Entered Level 10 of the Dungeon
  8585 | D:10     | Received a gift from Okawaru
  8585 | D:10     | Reached XP level 11. HP: 35/92 MP: 5/10
  8915 | D:10     | Reached skill level 15 in Axes
  9143 | D:10     | Noticed a two-headed ogre
  9160 | D:10     | Killed a two-headed ogre
  9302 | D:10     | Killed an unseen horror
  9302 | D:10     | Received a gift from Okawaru
  9386 | D:10     | Found a staircase to the Lair.
 10156 | D:11     | Reached skill level 16 in Axes
 10322 | D:12     | Found a staircase to the Orcish Mines.
 10486 | D:12     | Found Sent's Antique Weapon Shoppe.
 10725 | D:12     | Noticed a two-headed ogre
 10745 | D:12     | Killed a two-headed ogre
 10839 | D:12     | Reached ****** piety under Okawaru
 10839 | D:12     | Reached XP level 12. HP: 95/104 MP: 11/11
 10872 | D:12     | Noticed a two-headed ogre
 10877 | D:12     | Killed a two-headed ogre
 10987 | D:12     | Received a gift from Okawaru
 11092 | D:12     | Reached skill level 5 in Dodging
 11181 | D:12     | Noticed a fire dragon
 11199 | D:12     | Killed a fire dragon
 11199 | D:12     | Reached skill level 17 in Axes
 11417 | D:13     | Noticed a two-headed ogre
 11433 | D:13     | Killed a two-headed ogre
 11522 | D:13     | Reached skill level 10 in Fighting
 11785 | D:13     | Reached skill level 1 in Invocations
 11984 | D:13     | Found a portal to a secret trove of treasure.
 12017 | D:13     | Noticed Erolcha
 12027 | D:13     | Killed Erolcha
 12046 | D:13     | Identified a scroll of acquirement
 12107 | D:13     | Found a gate to the Vaults.
 12107 | D:13     | Noticed a vault guard
 12111 | D:13     | Killed a vault guard
 12114 | D:13     | Reached XP level 13. HP: 44/116 MP: 2/12
 12248 | D:13     | Noticed Josephine
 12260 | D:13     | Received a gift from Okawaru
 12270 | D:13     | Killed Josephine
 12454 | D:13     | Reached skill level 18 in Axes
 13535 | D:15     | Entered Level 15 of the Dungeon
 13766 | D:15     | Received a gift from Okawaru
 14346 | D:15     | Noticed a fire dragon
 14688 | D:15     | Killed a fire dragon
 14688 | D:15     | Received a gift from Okawaru
 14704 | D:15     | Reached skill level 19 in Axes
 14997 | D:15     | Received a gift from Okawaru
 14997 | D:15     | Reached skill level 15 in Armour
 14997 | D:15     | Reached XP level 14. HP: 93/127 MP: 9/13
 15137 | D:15     | Found a staircase to the Depths.
 15345 | Lair:1   | Entered Level 1 of the Lair of Beasts
 15772 | Lair:1   | Noticed Nergalle
 15780 | Lair:1   | Killed Nergalle
 15780 | Lair:1   | Received a gift from Okawaru
 16064 | Lair:2   | Found a hole to the Spider Nest.
 16224 | Lair:2   | Found a staircase to the Shoals.
 18161 | Lair:5   | Got a brightly glowing plate armour
 18172 | Lair:5   | Identified the +1 plate armour of Terror {+Blink +Fly} (You found it on level 5 of the Lair of Beasts)
 18279 | Lair:5   | Found a staircase to the Slime Pits.
 18677 | Lair:5   | Received a gift from Okawaru
 19297 | Lair:6   | Entered Level 6 of the Lair of Beasts
 19459 | Lair:6   | Reached skill level 20 in Axes
 19524 | Lair:6   | Found a labyrinth entrance.
 19531 | Lab      | Entered a labyrinth
 19732 | Lair:6   | Received a gift from Okawaru
 19792 | Lair:6   | Reached XP level 15. HP: 80/137 MP: 11/14
 19866 | Lair:6   | Got a spiked plate armour {god gift}
 19877 | Lair:6   | Identified the +10 plate armour "Iduydoq" {rCorr} (Okawaru gifted it to you on level 6 of the Lair of Beasts)
 20738 | Orc:1    | Entered Level 1 of the Orcish Mines
 20745 | Orc:1    | Paralysed by an orc sorcerer for 6 turns
 21146 | Orc:1    | Found a frozen archway.
 21227 | Orc:2    | Entered Level 2 of the Orcish Mines
 21406 | Orc:2    | Found a roughly hewn altar of Beogh.
 21681 | Orc:2    | Found a staircase to the Elven Halls.
 21695 | Orc:2    | Noticed an orc warlord
 22360 | Orc:1    | Received a gift from Okawaru
 22544 | Orc:2    | Reached skill level 21 in Axes
 22561 | Orc:2    | Killed an orc warlord
 23069 | Orc:2    | Found Fezusisa's Antique Armour Shoppe.
 23070 | Orc:2    | Found Itasealag's Antique Weapon Shoppe.
 23075 | Orc:2    | Found Riohor's General Store.
 23075 | Orc:2    | Found Puynut's Jewellery Emporium.
 23080 | Orc:2    | Bought a scroll of identify for 30 gold pieces
 23081 | Orc:2    | Bought the ring of Ungibb {rPois rN+ Stlth+} for 460 gold pieces
 23340 | Spider:1 | Entered Level 1 of the Spider Nest
 23350 | Spider:1 | Paralysed by a hornet for 2 turns
 23370 | Spider:1 | Received a gift from Okawaru
 24764 | Spider:2 | Reached XP level 16. HP: 133/147 MP: 16/16
 24858 | Spider:2 | Reached skill level 15 in Fighting
 25267 | Spider:3 | Received a gift from Okawaru
 25274 | Spider:3 | Got a shimmering battleaxe {god gift}
 25275 | Spider:3 | Identified the +1 battleaxe "Zaheit" {freeze, MR+ Int+3} (Okawaru gifted it to you on level 3 of the Spider Nest)
 25428 | Spider:3 | Noticed Mara
 25429 | Spider:3 | Noticed asdasd2's illusion
 25454 | Spider:3 | HP: 4/149 [Mara/bolt of fire (40)]
 25751 | Spider:3 | Noticed Azrael
 25762 | Spider:3 | Killed Azrael
 26037 | Spider:3 | Received a gift from Okawaru
 26048 | Spider:3 | Reached skill level 22 in Axes
 26149 | Spider:3 | Noticed asdasd2's illusion
 26152 | Spider:3 | HP: 2/149 [Mara (illusionary)/demon whip of freezing (14)]
 26152 | Spider:3 | Slain by Mara (illusionary)

Skill      XL: |  1  2  3  4  5  6  7  8  9 10 11 12 13 14 15 16 |
---------------+-------------------------------------------------+-----
Armour         | 4 5 6 7 8 9 10 12 13 15 16 17 18 | 18.7
Fighting       | 4 5 6 7 9 11 12 13 14 15 | 15.6
Axes           | 3 4 5 6 8 10 12 14 16 17 19 20 21 22 | 22.0
Dodging        | 1 2 3 4 5 6 |  6.8
Invocations    | 1 |  1.4
Shields        | |  3.6

Action                   |  1- 3 |  4- 6 |  7- 9 | 10-12 | 13-15 | 16-18 || total
-------------------------+-------+-------+-------+-------+-------+-------++-------
Melee: War axe           |    37 |   139 |   259 |   637 |    65 |       ||  1137
       Headbutt          |    12 |    23 |    52 |   129 |   315 |    60 ||   591
       Hand axe          |    49 |       |       |       |       |       ||    49
       Unarmed           |       |     5 |       |       |       |       ||     5
       Broad axe         |       |       |       |       |  1261 |    58 ||  1319
       Battleaxe         |       |       |       |       |       |   205 ||   205
Invok: Finesse           |       |       |       |     2 |     1 |       ||     3
  Use: Scroll            |     4 |     5 |     8 |     7 |    20 |     2 ||    46
       Potion            |     1 |     4 |     4 |     2 |     9 |     3 ||    23
  Eat: Chunk             |       |     7 |     6 |    15 |    17 |     1 ||    46
       Fruit             |       |       |     1 |    12 |    21 |    11 ||    45
       Bread ration      |       |       |     1 |       |       |       ||     1
Armor: Scale mail        |    49 |    97 |   122 |   230 |    47 |       ||   545
       Chain mail        |       |       |       |       |   265 |       ||   265
       Plate armour      |       |       |       |       |   482 |   219 ||   701
Dodge: Dodged            |    59 |    71 |   138 |   271 |   625 |   116 ||  1280
